 Dungeon Crawl Stone Soup version 0.24-a0-132-ge4b1dce (webtiles) character file.

Game seed: 7465845238687744668

336 pmoppi the Charmwright (level 6, -2/51 HPs)
             Began as a Gnoll Skald on Feb 27, 2019.
             Blown up by Ijyb (18 damage)
             ... with a wand of disintegration (6)
             ... on level 4 of the Dungeon.
             The game lasted 00:05:17 (3839 turns).

pmoppi the Charmwright (Gnoll Skald)                Turns: 3839, Time: 00:05:18

Health: -2/51      AC:  6    Str: 13    XL:     6   Next: 54%
Magic:  14/14      EV: 13    Int: 18    God:
Gold:   233        SH:  0    Dex: 14    Spells: 9/15 levels left

rFire    . . .     SeeInvis .   a - +1 dagger (venom)
rCold    . . .     Gourm    .   (no shield)
rNeg     . . .     Faith    .   g - +0 ring mail
rPois    .         Spirit   .   (no helmet)
rElec    .         Reflect  .   u - +0 cloak
rCorr    .         Harm     .   (no gloves)
MR       .....                  (no boots)
Stlth    +.........             (no amulet)
HPRegen  0.17/turn              (no ring)
MPRegen  0.14/turn              (no ring)

@: singing (expiring)
A: distributed training, fangs 1, strong nose
a: no special abilities


You were on level 4 of the Dungeon.
You were not hungry.

You visited 1 branch of the dungeon, and saw 4 of its levels.

You collected 233 gold pieces.

Inventory:

Hand Weapons
 a - a +1 dagger of venom (weapon)
 b - a +4 dagger of draining
 v - a +0 mace of holy wrath
 x - a +0 hand axe
Missiles
 e - a throwing net (quivered)
Armour
 g - a +0 ring mail (worn)
 n - a scarf of resistance
 u - a +0 cloak (worn)
Jewellery
 y - an uncursed ring of wizardry {unknown}
Wands
 A - a wand of iceblast (10)
Scrolls
 h - 4 scrolls of identify {unknown}
 i - a scroll of enchant weapon {unknown}
 k - 2 scrolls of amnesia {unknown}
 l - a scroll of blinking {unknown}
 m - a scroll of teleportation {unknown}
 o - a scroll of fear {unknown}
 q - a scroll of magic mapping {unknown}
 s - 2 scrolls of remove curse {unknown}
Potions
 c - 2 potions of ambrosia {unknown}
 f - 2 potions of agility {unknown}
 j - a potion of degeneration {unknown}
 p - 2 potions of haste {unknown}
 r - a potion of flight {unknown}
 t - 2 potions of lignification {unknown}
 w - a potion of heal wounds {unknown}
Comestibles
 d - 6 rations
 z - 2 chunks of flesh


   Skills:
 + Level 5.0 Fighting
 + Level 2.0 Short Blades
 + Level 2.0 Long Blades
 + Level 5.0 Axes
 + Level 2.0 Maces & Flails
 + Level 2.0 Polearms
 + Level 2.0 Staves
 + Level 2.0 Slings
 + Level 2.0 Bows
 + Level 2.0 Crossbows
 + Level 2.0 Throwing
 + Level 3.2 Armour
 + Level 5.0 Dodging
 + Level 2.0 Stealth
 + Level 2.0 Shields
 + Level 2.0 Unarmed Combat
 + Level 5.3 Spellcasting
 + Level 1.5 Conjurations
 + Level 1.5 Hexes
 + Level 5.6 Charms
 + Level 1.5 Summonings
 + Level 1.5 Necromancy
 + Level 1.5 Translocations
 + Level 1.5 Transmutations
 + Level 1.5 Fire Magic
 + Level 1.5 Ice Magic
 + Level 1.5 Air Magic
 + Level 1.5 Earth Magic
 + Level 1.5 Poison Magic
 + Level 2.1 Invocations
 + Level 2.0 Evocations


You had 9 spell levels left.
You knew the following spells:

 Your Spells              Type           Power        Failure   Level  Hunger
a - Song of Slaying       Chrm           ####....     3%          2    #......
b - Regeneration          Chrm/Necr      ###.......   19%         3    ##.....
c - Infusion              Chrm           ####         2%          1    None

Your spell library contained the following spells:

 Spells                   Type           Power        Failure   Level  Hunger
 Shroud of Golubria       Chrm/Tloc      ###.......   9%          2    #......
 Magic Dart               Conj           ##..         14%         1    None
 Spectral Weapon          Hex/Chrm       ###.....     19%         3    ##.....
 Blink                    Tloc           N/A          22%         2    #......
 Call Imp                 Summ           ##......     22%         2    #......
 Slow                     Hex            ##......     22%         2    #......
 Conjure Flame            Conj/Fire      ##......     38%         3    ##.....
 Mephitic Cloud           Conj/Pois/Air  ##......     38%         3    ##.....


Dungeon Overview and Level Annotations

Branches:
Dungeon (4/15)
 Temple: D:4-7

Altars:
Hepliaklqana
Nemelex Xobeh
Okawaru
Vehumet
Xom

Annotations:
D:4 Dowan, Duvessa, Ijyb


Innate Abilities, Weirdness & Mutations

Your experience applies equally to all skills.
You have very sharp teeth.
Your uncanny sense of smell can sniff out nearby items.


Message History

You start singing a song of slaying.
You hear a shout!
Dowan, Brother of Duvessa comes into view.
He is wielding a +0 dagger.
You hear a bark! x2
Duvessa says, "My weaknesses are his strengths!"
Ijyb zaps a wand.
You are blasted!
You see here an orc corpse.
Ijyb zaps a wand.
You are blasted!
* * * LOW HITPOINT WARNING * * *
There is an open door, spattered with blood here.
Dowan smirks and points a slender finger.
Dowan points at Duvessa and mumbles some strange words.
Duvessa seems to speed up.
There is an open door here.
Your song is almost over.
Ijyb screams, "Level is mine!
All mine!"
Ijyb screams, "Me very upset!"
You see here a howler monkey skeleton.
Ijyb zaps a wand.
You are blasted!
You die...

#......e..#
###+###'###
###.....#
.......g####
###........#
############g#
#.........##.#
#.........##.#
#...@.รท.g.'..#
#.......e.####
#.........#
+.........#
#.........#
#####'##### #.#
#.# #.#


You could see Duvessa and Ijyb.

Vanquished Creatures
  2 howler monkeys (D:4)
  Crazy Yiuf (D:2)
  Natasha (thrice) (D:2)
  A worker ant (D:4)
  A killer bee zombie (D:3)
  3 gnolls
  2 adders
  3 dart slugs (D:1)
  3 leopard geckos
  4 orcs
  5 goblins
  10 hobgoblins
  2 jackals (D:3)
  7 kobolds
  A quokka (D:3)
  6 bats
  4 frilled lizards
  A quokka skeleton (D:4)
  4 rats
63 creatures vanquished.

Notes
Turn   | Place    | Note
-------+----------+-------------------------------------------
     0 | D:1      | pmoppi the Gnoll Skald began the quest for the Orb.
     0 | D:1      | Reached XP level 1. HP: 20/20 MP: 6/6
   135 | D:1      | Reached XP level 2. HP: 2/26 MP: 7/7
   409 | D:1      | Learned a level 2 spell: Song of Slaying
   895 | D:1      | Reached XP level 3. HP: 28/31 MP: 5/9
   929 | D:1      | Reached skill level 5 in Spellcasting
   934 | D:1      | Learned a level 3 spell: Regeneration
  1544 | D:2      | Noticed Natasha
  1551 | D:2      | Killed Natasha
  1551 | D:2      | Reached skill level 1 in Short Blades
  1551 | D:2      | Reached skill level 1 in Long Blades
  1551 | D:2      | Reached skill level 1 in Maces & Flails
  1551 | D:2      | Reached skill level 1 in Polearms
  1551 | D:2      | Reached skill level 1 in Staves
  1551 | D:2      | Reached skill level 1 in Slings
  1551 | D:2      | Reached skill level 1 in Bows
  1551 | D:2      | Reached skill level 1 in Crossbows
  1551 | D:2      | Reached skill level 1 in Throwing
  1551 | D:2      | Reached skill level 1 in Stealth
  1551 | D:2      | Reached skill level 1 in Shields
  1551 | D:2      | Reached skill level 1 in Unarmed Combat
  1551 | D:2      | Reached skill level 1 in Invocations
  1551 | D:2      | Reached skill level 1 in Evocations
  1551 | D:2      | Reached XP level 4. HP: 26/38 MP: 11/11
  1601 | D:2      | Reached skill level 1 in Conjurations
  1601 | D:2      | Reached skill level 1 in Hexes
  1601 | D:2      | Reached skill level 1 in Summonings
  1601 | D:2      | Reached skill level 1 in Necromancy
  1601 | D:2      | Reached skill level 1 in Translocations
  1601 | D:2      | Reached skill level 1 in Transmutations
  1601 | D:2      | Reached skill level 1 in Fire Magic
  1601 | D:2      | Reached skill level 1 in Ice Magic
  1601 | D:2      | Reached skill level 1 in Air Magic
  1601 | D:2      | Reached skill level 1 in Earth Magic
  1601 | D:2      | Reached skill level 1 in Poison Magic
  1602 | D:2      | Noticed Natasha
  1608 | D:2      | Killed Natasha
  1608 | D:2      | Reached XP level 5. HP: 3/43 MP: 12/12
  1923 | D:2      | Noticed Natasha
  1930 | D:2      | Killed Natasha
  1961 | D:2      | Found a shimmering altar of Xom.
  1962 | D:2      | Found an iron altar of Okawaru.
  2037 | D:2      | Found a hazy altar of Hepliaklqana.
  2118 | D:2      | Found a runed translucent door.
  2119 | D:2      | Noticed Crazy Yiuf
  2168 | D:2      | Found a radiant altar of Vehumet.
  2392 | D:2      | Killed Crazy Yiuf
  2599 | D:3      | Found a sparkling altar of Nemelex Xobeh.
  3111 | D:3      | Reached XP level 6. HP: 50/50 MP: 13/13
  3763 | D:4      | Reached skill level 5 in Fighting
  3763 | D:4      | Reached skill level 5 in Axes
  3763 | D:4      | Reached skill level 5 in Dodging
  3813 | D:4      | Noticed Ijyb
  3817 | D:4      | Noticed Duvessa
  3818 | D:4      | Noticed Dowan
  3839 | D:4      | Blown up by Ijyb

Levels and vault maps discovered:
D:1:      dpeg_arrival_solitude, layout_basic
D:2:      layout_rooms, nicolae_overflow_crystal_walls,
          overflow_temple_1_default, vehumet_crystals, okawaru_gym_becter,
          first_ration, uniq_crazy_yiuf_cottage, uniq_natasha
D:3:      layout_basic, serial_park_tiny_2, minmay_misc_feat_more_columns,
          nemelex_diamond_rough_becter
D:4:      layout_basic, kiku_gazebo_garden_becter, overflow_temple_1_default,
          uniq_ijyb, uniq_sigmund, uniq_duvessa

Skill      XL: |  1  2  3  4  5  6 |
---------------+-------------------+-----
Spellcasting   | 5 |  5.3
Short Blades   | 1 2 |  2.0
Long Blades    | 1 2 |  2.0
Maces & Flails | 1 2 |  2.0
Polearms       | 1 2 |  2.0
Staves         | 1 2 |  2.0
Slings         | 1 2 |  2.0
Bows           | 1 2 |  2.0
Crossbows      | 1 2 |  2.0
Throwing       | 1 2 |  2.0
Stealth        | 1 2 |  2.0
Shields        | 1 2 |  2.0
Unarmed Combat | 1 2 |  2.0
Invocations    | 1 2 |  2.1
Evocations     | 1 2 |  2.0
Conjurations   | 1 |  1.5
Hexes          | 1 |  1.5
Summonings     | 1 |  1.5
Necromancy     | 1 |  1.5
Translocations | 1 |  1.5
Transmutations | 1 |  1.5
Fire Magic     | 1 |  1.5
Ice Magic      | 1 |  1.5
Air Magic      | 1 |  1.5
Earth Magic    | 1 |  1.5
Poison Magic   | 1 |  1.5
Armour         | 3 |  3.2
Fighting       | 5 |  5.0
Axes           | 5 |  5.0
Dodging        | 5 |  5.0
Charms         | |  5.6

Action                   |  1- 3 |  4- 6 || total
-------------------------+-------+-------++-------
Melee: Hand axe          |    21 |    17 ||    38
       Bite              |     5 |    12 ||    17
       Dagger            |    44 |   128 ||   172
       Punch             |       |     1 ||     1
 Cast: Infusion          |     2 |     1 ||     3
       Song of Slaying   |       |     7 ||     7
       Regeneration      |       |     4 ||     4
  Eat: Chunk             |     1 |     9 ||    10
Armor: Leather armour    |    13 |       ||    13
       Ring mail         |     3 |    46 ||    49
Dodge: Dodged            |    52 |   108 ||   160

Table legend:
 A = Non-vault XP
 B = Vault XP
 C = Vault XP percentage of total XP
 D = Non-vault monster count
 E = Vault monster count
 F = Vault count percentage of total count
                 A         B        C        D         E       F
            +---------+---------+-------+---------+---------+-------
      Total |     403 |      78 |  16.2 |      61 |       2 |   3.2
            +---------+---------+-------+---------+---------+-------
        D:1 |      61 |       0 |   0.0 |      24 |       0 |   0.0
        D:2 |     126 |      78 |  38.2 |      14 |       2 |  12.5
        D:3 |      72 |       0 |   0.0 |      18 |       0 |   0.0
        D:4 |     144 |       0 |   0.0 |       5 |       0 |   0.0
            +---------+---------+-------+---------+---------+-------
